Selects Advanced Infantry Battlegroup
Selects Advanced Infantry Battlegroup
Construct Medical Station
Construct Weapon Support Center
M3 Armored Personnel Carrier
Selects Ammunition Storage
Selects M2A1 105mm Howitzer Emplacement
Selects 155mm Rapid Artillery Barrage
Selects Convert to Ranger Squad
Selects Designate Assault Position
M3 Armored Personnel Carrier
M18 Hellcat Tank Destroyer
Improved M9 Bazooka Rockets
155mm Rapid Artillery Barrage